 Dungeon Crawl Stone Soup version 0.19-a0-1654-g9d3f708 (webtiles) character file.

306 inmateoo the Chopper (level 6, 0/55 HPs)
             Began as a Deep Dwarf Fighter on Sept 20, 2016.
             Was an Initiate of Makhleb.
             Killed from afar by Sphara's ghost (3 damage)
             ... with a zap
             ... on level 5 of the Dungeon.
             The game lasted 00:05:22 (2464 turns).

inmateoo the Chopper (Deep Dwarf Fighter)           Turns: 2464, Time: 00:05:23

Health: 0/55       AC:  8    Str: 22    XL:     6   Next: 16%
Magic:  6/6        EV:  5    Int:  8    God:    Makhleb [......]
Gold:   298        SH:  8    Dex: 12    Spells: 0 memorised, 5 levels left

rFire  . . .     SeeInvis .     a - +0 war axe
rCold  . . .     Gourm    .     l - +0 chain mail
rNeg   . . .     Faith    .     c - +0 shield
rPois  .         Spirit   .     (no helmet)
rElec  .         Dismiss  .     (no cloak)
rCorr  .         Reflect  .     (no gloves)
MR     .....     Harm     .     (no boots)
Stlth  ..........               (no amulet)
                                (no ring)
                                (no ring)

@: non-regenerating, heavily drained
A: damage resistance, recharge devices, sense surroundings 1, slow regeneration
3
a: Device Recharging, Renounce Religion


You were on level 5 of the Dungeon.
You worshipped Makhleb.
Makhleb was noncommittal.
You were hungry.

You visited 1 branch of the dungeon, and saw 5 of its levels.

You collected 298 gold pieces.

Inventory:

Hand Weapons
 a - a +0 war axe (weapon)
 u - a cursed -2 flail
Armour
 c - a +0 shield (worn)
 l - a +0 chain mail (worn)
Jewellery
 q - an uncursed amulet of dismissal {unknown}
 A - an uncursed ring of wizardry {unknown}
Wands
 e - a wand of heal wounds (1/9)
Scrolls
 b - 3 scrolls of teleportation {unknown}
 h - a scroll of amnesia {unknown}
 i - 3 scrolls of magic mapping {unknown}
 j - 5 scrolls of identify {unknown}
 p - 2 scrolls of remove curse {unknown}
 r - 2 scrolls of random uselessness {unknown}
 y - a scroll of recharging {unknown}
Potions
 d - a potion of might
 g - 2 potions of degeneration {unknown}
 m - 4 potions of curing {unknown}
 n - a potion of invisibility {unknown}
 s - a potion of lignification {unknown}
 t - 3 potions of cure mutation {unknown}
 v - a potion of haste {unknown}
 w - 2 potions of ambrosia {unknown}
 x - a potion of resistance {unknown}
Books
 z - a book of Frost

   Spells                             Type                      Level
   a - Freeze                         Ice                          1
   b - Throw Frost                    Conjuration/Ice              2
   c - Ozocubu's Armour               Charms/Ice                   3
   d - Throw Icicle                   Conjuration/Ice              4
   e - Summon Ice Beast               Ice/Summoning                4
Comestibles
 f - 6 bread rations
 k - a slice of pizza
 o - a meat ration


   Skills:
 - Level 2.7(0.8) Fighting
 * Level 7.2(5.0) Axes
 - Level 3.2(1.3) Armour
 - Level 3.2(1.3) Shields


You had 5 spell levels left.
You didn't know any spells.

Dungeon Overview and Level Annotations

Branches:
Dungeon (5/15)
 Temple: D:4-7

Altars:
Cheibriados
Dithmenos
Makhleb
Trog

Annotations:
D:5 Sphara's ghost, novice DrAE


Innate Abilities, Weirdness & Mutations

You are resistant to damage.
You can recharge devices by infusing magical energy.
You passively map a small area around you.
You do not regenerate.


Message History

The zap hits you!
* * * LOW HITPOINT WARNING * * *
Evoke which item? (* to show all) (? for menu, Esc to quit)
Zapping:
e - a wand of heal wounds (2/9)
Press: ? - help, Shift-Dir - straight line, f - you You feel much better.
This wand has 1 charge left.
Sphara's ghost breathes negative energy at you.
The bolt of negative energy hits you!
You feel drained.
* * * LOW HITPOINT WARNING * * *
Found a stone staircase leading down.
Sphara's ghost is no longer moving somewhat quickly.
Sphara's ghost breathes negative energy at you.
The bolt of negative energy hits you!
You feel drained.
* * * LOW HITPOINT WARNING * * *
Sphara's ghost mumbles some strange words.
Sphara's ghost puts on a burst of speed!
Found a stone staircase leading up.
Sphara's ghost casts a spell at you. The zap hits you!
You die...

.## ###....### , ** * ##
##.....###.....#. , #
#.............. #
##..###....<#..* ## ##...##*
#.....# .#####.....## ##....# ,
...##.......###..>..#### ,
........................ , ,,
###.............@#, ,, #
##.......#.....#* ... ##
#..#...##....##*, .......
.###.....###...## * ........
...#....## #...# #......##
........# #..#######.......###*
........####..###..............
,
#...##...##W...................
..............................


You could see Sphara's ghost.

Vanquished Creatures
  A howler monkey (D:4)
  A hound (D:4)
  A jelly (D:4)
  A worker ant (D:5)
  4 gnolls (D:3)
  7 adders
  A shadow imp (D:5)
  An ooze (D:2)
  3 worms
  3 dart slugs
  A leopard gecko (D:4)
  An orc (D:3)
  A ball python (D:1)
  5 giant cockroaches
  6 goblins
  4 hobgoblins
  2 jackals (D:1)
  2 quokkas
  5 bats
  5 frilled lizards
  9 kobolds
  7 rats
71 creatures vanquished.

Notes
Turn   | Place    | Note
-------+----------+-------------------------------------------
     0 | D:1      | inmateoo the Deep Dwarf Fighter began the quest for the Orb.
     0 | D:1      | Reached XP level 1. HP: 20/20 MP: 1/1
   158 | D:1      | Reached XP level 2. HP: 25/27 MP: 2/2
   159 | D:1      | Reached skill level 3 in Axes
   522 | D:2      | Reached XP level 3. HP: 19/33 MP: 3/3
   573 | D:2      | Reached skill level 4 in Axes
   756 | D:2      | Reached XP level 4. HP: 32/40 MP: 4/4
   865 | D:2      | Reached skill level 5 in Axes
  1251 | D:3      | Reached XP level 5. HP: 13/46 MP: 5/5
  1682 | D:4      | Reached skill level 6 in Axes
  1715 | D:4      | Found a snail-covered altar of Cheibriados.
  1724 | D:4      | Found a bloodstained altar of Trog.
  1747 | D:4      | Found a burning altar of Makhleb.
  1751 | D:4      | Became a worshipper of Makhleb the Destroyer
  1971 | D:4      | Reached XP level 6. HP: 31/55 MP: 6/6
  2164 | D:4      | Found a shadowy altar of Dithmenos.
  2190 | D:5      | Entered Level 5 of the Dungeon
  2246 | D:5      | Reached skill level 7 in Axes
  2420 | D:5      | Noticed Sphara's ghost (novice DrAE)
  2464 | D:5      | Killed from afar by Sphara's ghost

Vault maps used:
D:1:      dpeg_arrival_another_circle
D:4:      nicolae_overflow_quartered_altars, first_bread, serial_bayou_pond_e
D:5:      minivault_4

Skill      XL: |  1  2  3  4  5  6 |
---------------+-------------------+-----
Axes           | 3 4 5 6 7 |  7.2
Fighting       | |  2.7
Armour         | |  3.2
Shields        | |  3.2

Action                   |  1- 3 |  4- 6 || total
-------------------------+-------+-------++-------
Melee: War axe           |    97 |   156 ||   253
Evoke: Wand              |     1 |     3 ||     4
  Eat: Chunk             |       |     5 ||     5
Armor: Scale mail        |    22 |       ||    22
       Chain mail        |    14 |    82 ||    96
Dodge: Dodged            |    17 |    17 ||    34
Block: Shield            |    49 |    75 ||   124
